 Dungeon Crawl Stone Soup version 0.21.0-3-g78d12a8 (webtiles) character file.

319 Firecrotchwizard the Slinger (level 6, -6/39 HPs)
             Began as a Halfling Hunter on Jan 18, 2018.
             Was an Initiate of Trog.
             Mangled by Umoon's ghost (8 damage)
             ... on level 4 of the Dungeon.
             The game lasted 00:11:49 (3457 turns).

Firecrotchwizard the Slinger (Halfling Hunter)      Turns: 3457, Time: 00:11:49

Health: -6/39      AC:  6    Str: 13    XL:     6   Next: 74%
Magic:  6/6        EV: 12    Int:  9    God:    Trog [......]
Gold:   129        SH:  0    Dex: 17    Spells: 5/5 levels left

rFire    . . .     SeeInvis .   s - +2 hunting sling (flame)
rCold    . . .     Gourm    .   (shield restricted)
rNeg     . . .     Faith    .   g - +0 scale mail (curse)
rPois    .         Spirit   .   (no helmet)
rElec    .         Reflect  .   (no cloak)
rCorr    .         Harm     .   (no gloves)
MR       .....                  (no boots)
Stlth    ++........             (no amulet)
HPRegen  0.13/turn              (no ring)
MPRegen  0.10/turn              (no ring)

@: no status effects
A: small, mutation resistance 1
a: Burn Spellbooks, Renounce Religion


You were on level 4 of the Dungeon.
You worshipped Trog.
Trog was noncommittal.
You were not hungry.

You visited 1 branch of the dungeon, and saw 4 of its levels.

You collected 129 gold pieces.

Inventory:

Hand Weapons
 a - a +1 hunting sling
 b - a +0 short sword
 s - a +2 hunting sling of flaming (weapon)
   (You found it on level 3 of the Dungeon)
 u - a +1 hand axe of freezing
   (You found it on level 3 of the Dungeon)
 v - a +0 long sword
   (You found it on level 3 of the Dungeon)
Missiles
 d - 29 sling bullets (quivered)
 j - 183 stones
Armour
 c - a +0 leather armour
 g - a cursed +0 scale mail (worn)
   (You found it on level 2 of the Dungeon)
 y - a +0 buckler
   (You found it on level 3 of the Dungeon)
 z - a cursed +0 cloak
   (You found it on level 4 of the Dungeon)
Wands
 n - a wand of flame (52)
   (You found it on level 2 of the Dungeon)
Scrolls
 e - 2 scrolls of enchant armour {unknown}
 h - 2 scrolls of identify {unknown}
 i - 3 scrolls of magic mapping {unknown}
 k - 3 scrolls of remove curse {unknown}
 l - 6 scrolls of teleportation {unknown}
 m - a scroll of enchant weapon {unknown}
 o - a scroll of random uselessness {unknown}
 q - a scroll of blinking {unknown}
 r - a scroll of amnesia {unknown}
Potions
 p - 3 potions of curing {unknown}
 t - 3 potions of heal wounds {unknown}
 w - a potion of flight {unknown}
 x - 2 potions of mutation {unknown}
Comestibles
 f - 3 rations {@e1}


   Skills:
 - Level 1.7 Fighting
 * Level 9.5 Slings
 - Level 2.1 Dodging
 + Level 4.3 Stealth


You had 5 spell levels left.
You didn't know any spells.

Dungeon Overview and Level Annotations

Branches:
Dungeon (4/15)             Temple (0/1) D:4

Altars:
Trog
The Shining One

Shops:
D:4 !

Annotations:
D:4 exclusion: Eustachio, Blork the orc; Eustachio; Umoon's ghost, novice GrMo


Innate Abilities, Weirdness & Mutations

You are small and have problems with some larger weapons.
You are somewhat resistant to further mutation.


Message History

Aim: a frilled lizard (resting)
You shoot a stone. The stone hits the frilled lizard.
The stone burns the frilled lizard.
You kill the frilled lizard!
Trog accepts your kill.
i - 3 scrolls labeled JOLUELL LIPTOX (gained 1)
There is a fountain of clear blue water here.
j - 182 stones (gained 1)
There is a fountain of clear blue water here.
Eustachio the Magnificent comes into view.
He is wielding a falchion.
Found a glowing golden altar of the Shining One.
There is an open door here.
j - 183 stones (gained 1) Umoon's ghost turns its malevolent gaze towards you.
Umoon's ghost is too close now for your liking.
Quiver which item? (- for none, * to show all) (? for menu, Esc to quit)
Quivering
d - 50 sling bullets for slings.
Aim: Umoon's ghost, wielding a weapon of electrocution You shoot a sling bullet.
The sling bullet hits Umoon's ghost.
The sling bullet burns Umoon's ghost.
Umoon's ghost says, "Very impressive.
But it won't help.
Nothing will."
Aim: Umoon's ghost, wielding a weapon of electrocution (lightly damaged)
You shoot a sling bullet.
The sling bullet barely misses Umoon's ghost.
Aim: Umoon's ghost, wielding a weapon of electrocution (lightly damaged)
You shoot a sling bullet. The sling bullet hits Umoon's ghost.
The sling bullet burns Umoon's ghost.
Aim: Umoon's ghost, wielding a weapon of electrocution (moderately damaged)
You shoot a sling bullet.
The sling bullet hits Umoon's ghost but does no damage.
Aim: Umoon's ghost, wielding a weapon of electrocution (moderately damaged)
You shoot a sling bullet.
The sling bullet hits Umoon's ghost but does no damage.
Aim: Umoon's ghost, wielding a weapon of electrocution (moderately damaged)
You shoot a sling bullet.
The sling bullet barely misses Umoon's ghost.
Aim: Umoon's ghost, wielding a weapon of electrocution (moderately damaged)
You shoot a sling bullet.
The sling bullet barely misses Umoon's ghost.
Aim: Umoon's ghost, wielding a weapon of electrocution (moderately damaged)
You shoot a sling bullet.
The sling bullet hits Umoon's ghost but does no damage.
Umoon's ghost misses you.
Aim: Umoon's ghost, wielding a weapon of electrocution (moderately damaged)
You shoot a sling bullet.
The sling bullet closely misses Umoon's ghost.
Umoon's ghost hits you.
You take 5 damage, and have 34/39 hp.
Aim: Umoon's ghost, wielding a weapon of electrocution (moderately damaged)
You shoot a sling bullet.
The sling bullet completely misses Umoon's ghost.
Umoon's ghost hits you.
You take 5 damage, and have 29/39 hp.
Aim: Umoon's ghost, wielding a weapon of electrocution (moderately damaged)
You shoot a sling bullet.
The sling bullet closely misses Umoon's ghost.
Aim: Umoon's ghost, wielding a weapon of electrocution (moderately damaged)
You shoot a sling bullet. The sling bullet hits Umoon's ghost.
The sling bullet burns Umoon's ghost.
Umoon's ghost barely misses you.
Aim: Umoon's ghost, wielding a weapon of electrocution (moderately damaged)
You shoot a sling bullet. The sling bullet hits Umoon's ghost.
The sling bullet burns Umoon's ghost.
Umoon's ghost hits you but does no damage.
You are electrocuted!
You take 13 damage, and have 16/39 hp.
MASSIVE DAMAGE!!
Aim: Umoon's ghost, wielding a weapon of electrocution (heavily damaged)
You shoot a sling bullet.
The sling bullet closely misses Umoon's ghost.
Aim: Umoon's ghost, wielding a weapon of electrocution (heavily damaged)
You shoot a sling bullet. The sling bullet hits Umoon's ghost.
The sling bullet burns Umoon's ghost.
Umoon's ghost hits you.
Aim: Umoon's ghost, wielding a weapon of electrocution (heavily damaged)
You shoot a sling bullet.
The sling bullet hits Umoon's ghost but does no damage.
Umoon's ghost hits you!
* * * LOW HITPOINT WARNING * * *
You take 8 damage, and have 8/39 hp.
MASSIVE DAMAGE!!
Aim: Umoon's ghost, wielding a weapon of electrocution (heavily damaged)
You shoot a sling bullet.
The sling bullet completely misses Umoon's ghost.
Umoon's ghost barely misses you.
Aim: Umoon's ghost, wielding a weapon of electrocution (heavily damaged)
You shoot a sling bullet. The sling bullet hits Umoon's ghost.
The sling bullet burns Umoon's ghost.
Aim: Umoon's ghost, wielding a weapon of electrocution (heavily damaged)
You shoot a sling bullet.
The sling bullet hits Umoon's ghost but does no damage.
Umoon's ghost hits you.
* * * LOW HITPOINT WARNING * * *
You take 6 damage, and have 2/39 hp.
Aim: Umoon's ghost, wielding a weapon of electrocution (heavily damaged)
You shoot a sling bullet.
The sling bullet hits Umoon's ghost but does no damage.
Umoon's ghost hits you but does no damage.
Aim: Umoon's ghost, wielding a weapon of electrocution (heavily damaged)
You shoot a sling bullet. The sling bullet hits Umoon's ghost!
The sling bullet burns Umoon's ghost.
Umoon's ghost hits you!
You die...

.######...........#...##.#.##
...∩.(.(.....[........'......
......(...........#...##.#..#
..................#...##.#..#
........(.........#...##.#..#
.........(........#####......
........##'######.# #.....#
..######...W......# #.....# .
..##....@.....# ###.....#
#.##..........# #.......#
#.##..........# #.#...<..
#.##..........# #.#......
..####)##..........#
#......>.
........<'..........#
###..###.
.#########..........#
#....... ......#####.#
#...#### #####.... .# o....#


You could see Umoon's ghost.

Vanquished Creatures
  An ogre (D:3)
  An orc wizard (D:3)
  A centaur skeleton (D:4)
  Terence (D:3)
  7 adders
  A shadow imp (D:3)
  An ooze (D:1)
  A worm (D:2)
  A dart slug (D:3)
  A leopard gecko (D:3)
  7 orcs (D:3)
  A ball python (D:3)
  A giant cockroach (D:3)
  6 goblins
  8 hobgoblins
  A quokka (D:2)
  7 bats
  2 frilled lizards
  10 kobolds
  A quokka skeleton (D:4)
  13 rats
73 creatures vanquished.

Notes
Turn   | Place    | Note
-------+----------+-------------------------------------------
     0 | D:1      | Firecrotchwizard the Halfling Hunter began the quest for the Orb.
     0 | D:1      | Reached XP level 1. HP: 14/14 MP: 1/1
   114 | D:1      | Reached skill level 6 in Slings
   260 | D:1      | Reached XP level 2. HP: 19/19 MP: 2/2
   874 | D:2      | Reached skill level 2 in Stealth
   874 | D:2      | Reached XP level 3. HP: 24/24 MP: 3/3
   962 | D:2      | Reached skill level 7 in Slings
  1304 | D:2      | Reached XP level 4. HP: 29/29 MP: 4/4
  1897 | D:3      | Noticed Terence
  1914 | D:3      | Killed Terence
  1914 | D:3      | Reached skill level 8 in Slings
  1914 | D:3      | Reached skill level 3 in Stealth
  1914 | D:3      | Reached XP level 5. HP: 34/34 MP: 5/5
  2049 | D:3      | Noticed an ogre
  2062 | D:3      | Killed an ogre
  2062 | D:3      | Reached skill level 9 in Slings
  2062 | D:3      | Reached XP level 6. HP: 21/39 MP: 6/6
  2279 | D:3      | Reached skill level 4 in Stealth
  2383 | D:3      | Noticed a moth of wrath
  2400 | D:3      | Found a bloodstained altar of Trog.
  2495 | D:3      | Became a worshipper of Trog the Wrathful
  2902 | D:4      | Noticed Umoon's ghost (novice GrMo)
  3064 | D:4      | Noticed Blork the orc
  3105 | D:4      | Found Voudim's Distillery.
  3302 | D:4      | Found a staircase to the Ecumenical Temple.
  3367 | D:4      | Noticed Eustachio
  3379 | D:4      | Found a glowing golden altar of the Shining One.
  3452 | D:4      | HP: 8/39 [Umoon's ghost (8)]
  3455 | D:4      | HP: 2/39 [Umoon's ghost (6)]
  3457 | D:4      | Mangled by Umoon's ghost

Skill      XL: |  1  2  3  4  5  6 |
---------------+-------------------+-----
Slings         | 6 7 8 9 |  9.5
Stealth        | 2 3 4 |  4.3
Fighting       | |  1.7
Dodging        | |  2.1

Action                   |  1- 3 |  4- 6 || total
-------------------------+-------+-------++-------
Melee: Short sword       |    24 |     7 ||    31
 Fire: Hunting sling     |    72 |   198 ||   270
Throw: Stone             |     3 |       ||     3
Evoke: Wand              |     1 |       ||     1
  Eat: Chunk             |     1 |     5 ||     6
       Ration            |       |     1 ||     1
Armor: Leather armour    |     9 |       ||     9
       Scale mail        |     3 |    27 ||    30
Dodge: Dodged            |    28 |    52 ||    80

Vault maps used:
D:1:      dpeg_arrival_refuge, minivault_27
D:2:      dk_noncrumbling_2
D:3:      lemuel_upstairs_altar, tgw_trog, uniq_terence
D:4:      minmay_temple_entry_nine_rooms, serial_shops, shop, tso_metal_star,
          uniq_sigmund, uniq_blork_the_orc, uniq_eustachio

Table legend:
 A = Turns spent in this place as a percentage of turns spent in the entire game.
 B = Non-inter-level travel turns spent in this place as a percentage of non-inter-level travel turns spent in the entire game.
 C = Inter-level travel turns spent in this place as a percentage of turns spent in this place.
 D = Turns resting spent in this place as a percentage of non-inter-level travel turns spent in this place.
 E = Turns spent auto-exploring this place as a percentage of non-inter-level travel turns spent in this place.
 F = Non-inter-level travel turns spent in this place divided by the number of levels of this place that you've seen.
                   A       B       C       D       E      F
               +-------+-------+-------+-------+-------+----------------------
         Total | 100.0 | 100.0 |   2.8 |  22.5 |  59.2 | 840.0
       Dungeon | 100.0 | 100.0 |   2.8 |  22.5 |  59.2 | 840.0
               +-------+-------+-------+-------+-------+----------------------

Table legend:
 A = Kills in this place as a percentage of kills in entire the game.
 B = Kills by you in this place as a percentage of kills by you in the entire game.
 C = Kills by friends in this place as a percentage of kills by friends in the entire game.
 D = Other kills in this place as a percentage of other kills in the entire game.
 E = Experience gained in this place as a percentage of experience gained in the entire game.
 F = Experience gained in this place divided by the number of levels of this place that you have seen.
                   A       B       C       D       E      F
               +-------+-------+-------+-------+-------+----------------------
         Total | 100.0 | 100.0 |   N/A |   N/A | 100.0 | 114.0
       Dungeon | 100.0 | 100.0 |   N/A |   N/A | 100.0 | 114.0
               +-------+-------+-------+-------+-------+----------------------
